Map: Retraite de l’acolyte EC

Players

StarLord - Winner!

  • Race: Protoss Protoss
  • League: Gold
  • Spawn Location: 1:00

Skar

  • Race: Terran Terran
  • League: Diamond
  • Spawn Location: 7:00

VOD

Have the link to the VOD?

Description

Time

  • Played on: Sept. 8, 2017, 8:15 a.m.
  • Length: 12:37
Show
View Real Time Build Order
Export as new Build Order

StarLord Protoss - Winner!

Build Orders: 1 Gate Expand, Zealot Archon 

Get SALT Encoding   

  12  0:01  Probe (Chrono Boost)  
  13  0:11  Probe (Chrono Boost)  
  14  0:18  Pylon  
  14  0:22  Probe (Chrono Boost)  
  15  0:36  Probe (Chrono Boost)  
  15  0:39  Gateway  
  16  0:47  Probe (Chrono Boost)  
  16  0:49  Assimilator  
  17  0:57  Probe (Chrono Boost)  
  18  1:08  Probe (Chrono Boost)  
  19  1:18  Probe (Chrono Boost)  
  20  1:27  Nexus  
  20  1:44  Cybernetics Core  
  20  1:45  Probe (Chrono Boost)  
  21  2:02  Probe (Chrono Boost)  
  21  2:06  Assimilator  
  22  2:08  Pylon  
  22  2:14  Probe (Chrono Boost)  
  23  2:16  Pylon  
  23  2:23  Warp Gate  
  23  2:26  Adept  
  25  2:32  Mothership Core (Chrono Boost)  
  27  2:40  Probe (Chrono Boost)  
  28  2:50  Probe (Chrono Boost)  
  28  3:06  Probe (Chrono Boost)  
  28  3:10  Probe (Chrono Boost)  
  30  3:17  Probe (Chrono Boost)  
  31  3:20  Twilight Council  
  31  3:21  Probe (Chrono Boost)  
  31  3:22  Robotics Facility  
  32  3:27  Probe (Chrono Boost)  
  32  3:31  Probe (Chrono Boost)  
  34  3:37  Pylon  
  34  3:38  Probe (Chrono Boost), Pylon  
  35  3:42  Probe (Chrono Boost)  
  37  3:48  Probe (Chrono Boost)  
  37  4:02  Dark Shrine  
  37  4:05  Probe (Chrono Boost)  
  37  4:07  Gateway, Probe (Chrono Boost)  
  39  4:11  Gateway, Resonating Glaives  
  39  4:19  Warp Prism  
  41  4:28  Probe x2 (Chrono Boost)  
  43  4:31  Assimilator  
  43  4:35  Assimilator  
  44  4:38  Probe (Chrono Boost)  
  44  4:43  Probe (Chrono Boost)  
  44  4:45  Pylon  
  45  4:52  Pylon  
  45  4:59  Immortal  
  49  5:02  Gateway  
  49  5:07  Probe (Chrono Boost)  
  50  5:10  Probe (Chrono Boost)  
  51  5:33  Dark Templar x3  
  59  6:09  Immortal  
  57  6:12  Adept x3  
  63  6:20  Probe (Chrono Boost)  
  63  6:21  Probe (Chrono Boost)  
  65  6:32  Dark Templar x3  
  69  6:33  Dark Templar  
  69  6:35  Nexus  
  69  6:36  Archon x2  
  69  6:37  Pylon  
  69  6:39  Pylon  
  73  6:42  Pylon  
  73  6:59  Immortal  
  77  7:14  Probe x2 (Chrono Boost)  
  79  7:19  Sentry, Forge  
  79  7:20  Sentry  
  83  7:23  Gateway  
  83  7:27  Dark Templar  
  85  7:30  Gateway  
  85  7:36  Probe x2 (Chrono Boost)  
  87  7:40  Gateway  
  87  7:44  Adept x3  
  87  7:45  Gateway  
  87  7:47  Probe (Chrono Boost)  
  87  7:48  Probe x2 (Chrono Boost)  
  96  7:52  Protoss Ground Weapons Level 1  
  96  7:54  Charge  
  96  7:57  Probe (Chrono Boost)  
  97  8:01  Robotics Bay  
  95  8:08  Dark Templar  
  97  8:25  Probe x3 (Chrono Boost)  
  100  8:29  Adept x4  
  100  8:30  Adept  
  108  8:36  Probe x2 (Chrono Boost)  
  110  8:43  Probe (Chrono Boost)  
  110  8:46  Probe x2 (Chrono Boost)  
  113  8:48  Colossus (Chrono Boost)  
  113  8:49  Assimilator  
  113  8:52  Assimilator, Probe (Chrono Boost)  
  120  9:12  Probe  
  120  9:13  Probe x2  
  120  9:15  Pylon  
  123  9:17  Pylon  
  123  9:22  Pylon  
  123  9:31  Dark Templar, Colossus  
  119  9:53  Dark Templar x4  
  119  9:54  Dark Templar x2  
  128  10:27  Zealot x3  
  128  10:28  Zealot x3  
  140  10:41  Archon x3  
  140  10:58  Nexus  
  140  11:00  Pylon  
  140  11:03  Pylon  
  140  11:05  Pylon  
  140  11:20  Pylon  
  140  11:21  Probe  
  140  11:23  Probe  
  141  11:46  Zealot x6  
  121  12:09  Zealot x3  
  121  12:13  Adept x5  
Show
View Real Time Build Order
Export as new Build Order

Skar Terran 

Build Orders: Reaper Expand, MMM Bio 

Get SALT Encoding   

  12  0:00  SCV  
  13  0:13  SCV  
  14  0:17  Supply Depot  
  14  0:25  SCV  
  15  0:42  Barracks, SCV  
  16  0:45  Refinery  
  16  0:54  SCV  
  17  1:06  SCV  
  18  1:18  SCV  
  19  1:30  Reaper  
  19  1:31  Orbital Command  
  20  1:51  Command Center  
  20  1:57  SCV  
  20  2:00  Refinery  
  21  2:04  Barracks Reactor  
  21  2:05  Supply Depot  
  21  2:12  SCV  
  22  2:24  SCV  
  22  2:26  Factory  
  23  2:33  Barracks  
  23  2:37  SCV  
  24  2:44  Marine x2  
  24  2:49  SCV  
  27  3:01  SCV  
  27  3:02  Marine x2  
  29  3:07  Orbital Command  
  29  3:12  Factory Tech Lab  
  29  3:13  SCV  
  29  3:16  Supply Depot  
  30  3:25  SCV  
  30  3:26  Barracks Tech Lab  
  31  3:33  Barracks  
  31  3:35  SCV  
  31  3:37  SCV  
  33  3:41  Supply Depot  
  33  3:45  Siege Tank  
  36  3:54  Stimpack  
  36  3:56  Marine, Marauder  
  36  3:57  Marine  
  40  4:05  Supply Depot  
  40  4:06  SCV x2  
  42  4:15  Engineering Bay  
  42  4:16  Marine x2  
  44  4:18  SCV  
  44  4:19  Siege Tank  
  44  4:21  Barracks Tech Lab  
  44  4:24  SCV, Marauder  
  51  4:33  SCV  
  52  4:38  SCV  
  52  4:39  Starport  
  52  4:43  Refinery  
  52  4:44  Terran Infantry Weapons Level 1  
  52  4:45  Marauder  
  55  4:47  SCV  
  55  4:48  Refinery  
  55  4:51  Marine x2  
  58  4:53  SCV  
  58  4:56  Missile Turret  
  58  4:59  Missile Turret  
  59  5:02  SCV  
  59  5:05  SCV  
  61  5:11  Marine  
  61  5:12  Marine  
  61  5:13  Combat Shields  
  61  5:14  SCV  
  64  5:17  SCV, Engineering Bay  
  65  5:23  Starport Tech Lab  
  65  5:26  SCV  
  65  5:28  Siege Tank  
  69  5:30  SCV  
  70  5:41  Marine x2  
  69  5:43  Marauder  
  67  5:52  Missile Turret  
  66  6:00  Orbital Command  
  66  6:01  SCV  
  67  6:13  SCV  
  68  6:24  Missile Turret  
  68  6:25  SCV  
  69  6:35  Missile Turret  
  69  6:39  Missile Turret  
  69  6:40  SCV, Missile Turret  
  70  6:50  Command Center  
  70  7:04  Terran Infantry Armor Level 1  
  70  7:05  Siege Tank, SCV x2  
  70  7:08  Armory  
  75  7:11  Supply Depot  
  75  7:17  SCV x2  
  77  7:29  SCV  
  78  7:31  Supply Depot  
  78  7:32  Supply Depot  
  78  7:33  SCV, Medivac  
  78  7:35  Concussive Shells  
  81  7:37  Starport  
  81  7:41  SCV  
  82  7:45  SCV  
  83  7:52  Missile Turret  
  83  7:53  SCV  
  83  7:57  SCV  
  82  8:05  SCV  
  82  8:09  SCV  
  84  8:17  SCV, Medivac  
  84  8:18  Starport Reactor  
  87  8:22  SCV  
  87  8:24  Terran Infantry Weapons Level 2  
  87  8:25  Missile Turret x2  
  87  8:26  Terran Vehicle And Ship Armor Level 1  
  88  8:30  Supply Depot, SCV  
  88  8:32  Supply Depot, SCV  
  90  8:34  SCV  
  91  8:42  SCV  
  91  8:44  Orbital Command  
  92  8:50  Marine x4  
  96  9:07  Marine, Terran Infantry Armor Level 2  
  96  9:08  Marine x3  
  100  9:11  SCV x3  
  103  9:23  SCV x2  
  105  9:24  Barracks  
  105  9:26  SCV  
  106  9:32  Barracks, Refinery  
  106  9:33  Refinery  
  106  9:35  SCV x2  
  108  9:38  SCV  
  108  9:57  Marine x4  
  108  9:59  Medivac x2  
  116  10:00  Medivac  
  116  10:13  Barracks Tech Lab  
  116  10:14  Siege Tank  
  116  10:15  Marine  
  116  10:20  Ghost Academy  
  120  10:25  Marauder x2  
  123  10:40  Viking  
  123  10:41  Viking  
  127  10:48  Marauder, Barracks Tech Lab  
  129  10:58  Barracks, Marine x4  
  133  11:39  Marauder x2, Viking x3, Marine x3, SCV x3  
  149  11:44  Siege Tank  
  149  11:47  Marauder  
  147  11:51  SCV x3  
  134  11:56  Marine  
  134  11:57  Marine, Marauder  
  134  12:00  Marauder  
  117  12:03  SCV x2  
  106  12:14  Marine, Marauder  
  97  12:15  SCV  
  97  12:16  Marine x2  
Tags
 
Add a new tag
Caveats
  • Supply blocks, unpowered buildings, or Contaminate may cause inaccurate times.
  • Supply counts are checked every 10 seconds.